 Dungeon Crawl Stone Soup version 0.29.1-1-gd02db6906a (webtiles) character file.

Game seed: 17762846543767960487

224674 Godmorgon the Warrior (level 20, -25/153 HPs)
             Began as a Djinni Ice Elementalist on Oct 2, 2022.
             Was the Champion of Makhleb.
             Killed from afar by a deep elf annihilator (52 damage)
             ... with an iron shot
             ... on level 3 of the Elven Halls on Oct 3, 2022.
             The game lasted 06:03:57 (37326 turns).

Godmorgon the Warrior (Djinni Ice Elementalist)    Turns: 37326, Time: 06:03:58

Health: -25/153    AC: 27    Str: 11    XL:     20   Next: 7%
Gold:   793        EV: 13    Int: 35    God:    Makhleb [******] SH: 12 Dex: 15

rFire   + + .      SeeInvis .   b - staff of conjuration
rCold   . . .      Faith    .   x - +1 kite shield {AC+3}
rNeg    . . .      Spirit   .   o - +4 robe of Augmentation {Str+4 Int+4 Dex+4}
rPois   ∞          Reflect  .   v - +2 helmet
rElec   .          Harm     .   T - +0 cloak {Will+}
rCorr   .          Rampage  .   J - +2 pair of gloves
Will    +++..                   (boots unavailable)
Stlth   ++........              F - amulet of the acrobat
HPRegen 0.35/turn               f - ring of ice
MPRegen 0.00/turn               l - ring of Evaugeil {rF+ Int+6 Dex-4 Slay+4}

@: ice-armoured, about to teleport, corroded, flying
A: sickness immunity, fire resistance 2, cold vulnerability 1, float, innate
caster, HP casting, extra vitality 1
}: 1/15 runes: serpentine
a: Renounce Religion, Minor Destruction, Lesser Servant of Makhleb, Major
Destruction, Greater Servant of Makhleb


You were on level 3 of the Elven Halls.
You worshipped Makhleb.
Makhleb was exalted by your worship.
You visited 6 branches of the dungeon, and saw 30 of its levels.
You also visited: Bailey.

You collected 3119 gold pieces.
You spent 2326 gold pieces at shops.

Inventory:

Hand Weapons
 a - the +7 long sword of the Other Side {vamp, rElec Dex+6 Stlth-}
   (You took it off a naga mage on level 3 of the Snake Pit)

   It occasionally heals its wielder for a portion of the damage dealt when it
   wounds a living foe.
   Dex:       It affects your dexterity (+6).
   rElec:     It insulates you from electricity.
   Stlth:     It makes you less stealthy.
 p - a +2 scimitar of holy wrath
 U - a +5 vorpal scimitar
Missiles
 c - 6 boomerangs (quivered)
 d - 2 curare-tipped darts
 y - 6 poisoned darts
Armour
 o - the +4 robe of Augmentation (worn) {Str+4 Int+4 Dex+4}
   (You found it on level 1 of the Lair of Beasts)

   Str:       It affects your strength (+4).
   Int:       It affects your intelligence (+4).
   Dex:       It affects your dexterity (+4).
 v - a +2 helmet (worn)
 x - a +1 kite shield of protection (worn)
 J - a +2 pair of gloves (worn)
 P - the +1 cloak of Starlight {*Dazzle EV+4 Stlth--}
   (You found it on level 9 of the Dungeon)

   It may blind those who miss an attack against the wearer in melee combat.
   EV:        It affects your evasion (+4).
   Stlth:     It makes you much less stealthy.
 T - a +0 cloak of willpower (worn)
Magical Staves
 b - a staff of conjuration (weapon)
Jewellery
 f - a ring of ice (left hand)
 g - an amulet of regeneration
 l - the ring of Evaugeil (right hand) {rF+ Int+6 Dex-4 Slay+4}
   (You acquired it in a bailey)

   [ring of intelligence]

   Int:       It affects your intelligence (+6).
   Dex:       It affects your dexterity (-4).
   Slay:      It affects your accuracy & damage with ranged weapons and melee
   (+4).
   rF:        It protects you from fire.
 w - a ring of resist corrosion
 F - an amulet of the acrobat (around neck)
 L - a ring of see invisible
 N - a ring of willpower
 V - the amulet "Cijirph" {rElec Regen+ Str+3 Dex+6}
   (You took it off a deep elf sorcerer on level 3 of the Elven Halls)

   [amulet of regeneration]

   Str:       It affects your strength (+3).
   Dex:       It affects your dexterity (+6).
   rElec:     It insulates you from electricity.
   Regen:     It increases your rate of health regeneration.
Wands
 m - a wand of iceblast (9)
 t - a wand of digging (4)
 Q - a wand of mindburst (15)
Scrolls
 e - 8 scrolls of magic mapping
 h - 3 scrolls of torment
 j - 6 scrolls of fear
 u - 7 scrolls of vulnerability
 z - 6 scrolls of teleportation
 A - 3 scrolls of identify
 B - 4 scrolls of summoning
 E - 4 scrolls of silence
 G - 4 scrolls of poison
 K - a scroll of enchant armour
 O - 6 scrolls of butterflies
 R - 3 scrolls of immolation
 W - 2 scrolls of blinking
Potions
 i - 2 potions of might
 k - 3 potions of brilliance
 n - 3 potions of attraction
 q - 2 potions of berserk rage
 r - 20 potions of curing
 s - 3 potions of invisibility
 C - 7 potions of ambrosia
 D - 8 potions of haste
 H - 3 potions of heal wounds
 I - 2 potions of lignification
 M - 2 potions of resistance
Miscellaneous
 S - a box of beasts


   Skills:
 + Level 16.6 Fighting
 + Level 13.1 Long Blades
 - Level 10.0 Armour
 - Level 5.0 Dodging
 - Level 1.5 Stealth
 - Level 10.0 Shields
 * Level 13.6 Spellcasting
 + Level 16.2 Invocations


You couldn't memorise any spells.
You knew the following spells:

 Your Spells              Type           Power      Damage    Failure   Level
a - Ozocubu's Armour      Ice            100%       N/A       1%          3
d - Dispersal             Tloc           43%        N/A       2%          6
f - Flame Wave            Conj/Fire      100%       2d21      1%          4
h - Hailstorm             Conj/Ice       100%       3d20      1%          4
i - Iron Shot             Conj/Erth      54%        9d10      2%          6
r - Frozen Ramparts       Ice            100%       1d16      1%          3
s - Searing Ray           Conj           100%       2d8       1%          2
B - Blade Hands           Tmut           43%        N/A       1%          5
F - Freeze                Ice            100%       1d11      0%          1
H - Haunt                 Necr/Summ      43%        N/A       12%         7
I - Irradiate             Conj/Tmut      54%        3d29      1%          5
P - Passwall              Tmut/Erth      72%        N/A       1%          2
S - Sandblast             Erth           100%       2d20      0%          1
Your spell library was empty.

Dungeon Overview and Level Annotations

Branches:
Dungeon (15/15)            Temple (1/1) D:4            Lair (5/5) D:11
 Shoals (0/4) Lair:3        Snake (4/4) Lair:2        Slime (0/5) Lair:4
    Orc (2/2) D:10            Elf (3/3) Orc:2        Vaults (0/5) D:14
 Depths (0/4) D:15         Bailey (visited)

Altars:
Ashenzari
Cheibriados
Dithmenos
Elyvilon
Fedhas
Gozag
Hepliaklqana
Makhleb
Nemelex Xobeh
Okawaru
Qazlal
Ru
Trog
Uskayaw
Wu Jian
Xom
Yredelemnul
Zin
The Shining One
Jiyva
Lugonu

Shops:
Orc:1 ?   Orc:2 *(=(:=*((   Snake:1 =[(*[   Snake:2 =:=*

Portals:
Abyss: Lair:5


Innate Abilities, Weirdness & Mutations

You are immune to sickness and miasma.
You are immune to poison.
Your flesh is very heat resistant. (rF++)
You are vulnerable to cold. (rC-)
You float through the air rather than walking.
You learn spells naturally, not from books.
Your magical power is your life essence.
You have superior vitality. (+4 MHP)


Message History

Unknown command.
Unknown command.
Your surroundings suddenly seem different. 2 deep elf death magi and a deep elf annihilator come into view.
A deep elf death mage is wielding a +2 long sword of holy wrath.
The deep elf annihilator is wielding a +1 rapier of protection.
Found twenty-six items.
The deep elf death mage shouts!
The deep elf annihilator shouts!
The deep elf death mage shouts!
You hear a shout!
The deep elf death mage barely misses you.
The deep elf annihilator points at you and mumbles some strange words.
You block the poison arrow.
As you read the scroll of teleportation, it crumbles to dust.
You feel strangely unstable.
The deep elf death mage barely misses you.
The deep elf annihilator points at you and mumbles some strange words.
The iron shot hits you!!!
* * * LOW HITPOINT WARNING * * *
Okay, then.
Casting: Iron Shot (dangerous; 2% risk of failure)
Confirm with . or Enter, or press ? or * to list all spells.
You feel a surge of power! A film of ice covers your body!
* * * LOW HITPOINT WARNING * * *
The deep elf death mage hits you but does no damage.
Casting: Ozocubu's Armour (safe; 1% risk of failure)
Confirm with . or Enter, or press ? or * to list all spells.
Casting: Flame Wave (safe; 1% risk of failure)
Press: ? - help, Dir - look around, f - activate You feel a surge of power!
A wave of flame ripples out!
The flame wave engulfs the deep elf death mage!
The deep elf death mage is moderately wounded.
The flame wave engulfs the deep elf annihilator!
The deep elf annihilator is lightly wounded. (Press . to intensify the flame waves.)
* * * LOW HITPOINT WARNING * * *
You hear a shout! x3
A deep elf demonologist comes into view.
It is wielding a +0 long sword.
The deep elf death mage hits you but does no damage.
The deep elf annihilator gestures at you while chanting.
The iron shot hits you!!!
You die...

##########
##e)..))|.}
#".@[e::)$}
#..e).:.:..)
#..[|(.######
#))..).##
#....###
#|..[ #)..#
#.e#


You could see a deep elf annihilator, 2 deep elf death magi and a deep elf
demonologist.

Vanquished Creatures
  Mara (Snake:4)
  Vashnia (Snake:3)
  Nikola (Snake:3)
  2 deep elf master archers (Elf:3)
  2 deep elf blademasters
  Agnes (D:14)
  14 nagarajas
  3 deep elf sorcerers
  Aizul (Snake:3)
  A stone giant (D:15)
  The ghost of Cheops the Bludgeoner, a journeyman GrFi of Okawaru (Snake:2)
  A deep elf demonologist (Elf:3)
  2 deep elf annihilators (Elf:3)
  3 deep elf death magi
  Snorg (Lair:3)
  3 deep elf high priests (Elf:3)
  Josephine (Orc:1)
  6 boulder beetles
  5 hydras
  A salamander tyrant (Snake:2)
  2 catoblepae
  30 dancing weapons
  8 anacondas
  The ghost of groovy9 the Cleaver, a novice MiFi of Makhleb (D:8)
  3 two-headed ogres
  11 naga warriors
  3 death yaks (Lair:5)
  2 orc high priests
  21 naga sharpshooters
  2 thrashing horrors (Lair:5)
  6 shock serpents
  22 deep elf knights
  3 salamander mystics
  2 sea snakes (Snake:1)
  A deep troll (shapeshifter) (Lair:5)
  An obsidian statue (Snake:2)
  2 orc knights
  17 deep elf archers
  A wizard (D:15)
  9 naga ritualists
  3 necromancers
  33 deep elf zephyrmancers
  4 ugly things
  10 mana vipers
  3 oklob plants
  3 cyclopes
  23 deep elf pyromancers
  2 manticores
  3 orc sorcerers
  17 salamanders
  16 elephants
  12 naga magi
  A moth of wrath (D:8)
  33 black mambas
  2 centaur zombies (D:13)
  A torpor snail (Lair:3)
  10 guardian serpents
  A gargoyle (D:13)
  4 cane toads
  A centaur skeleton (D:13)
  13 komodo dragons
  2 rime drakes (Lair:2)
  2 kobold demonologists
  3 unseen horrors
  A freezing wraith (D:15)
  2 ancient zymes (Lair:5)
  8 trolls
  A meliai (shapeshifter) (D:13)
  2 polar bears
  6 slime creatures
  33 blink frogs
  A snapping turtle (Lair:3)
  2 air elementals
  53 yaks
  2 shadows
  5 wraiths
  2 wyverns
  4 water elementals
  5 ynoxinuls (Lair:5)
  6 basilisks
  A vampire (D:9)
  2 fire elementals
  10 small abominations (Lair:5)
  3 steam dragons
  3 vampire mosquitoes (D:12)
  Menkaure (D:6)
  A chaos spawn (Lair:5)
  35 nagas
  5 wargs
  A naga (shapeshifter) (D:15)
  2 acid dragons
  17 water moccasins
  2 ice beasts
  55 orc warriors
  2 black bears
  A sky beast (D:8)
  3 large abominations (Lair:5)
  14 wolves
  10 ogres
  14 centaurs
  A phantom (D:7)
  5 earth elementals
  3 gnoll sergeants
  2 scorpions (D:6)
  11 bullfrogs
  2 necrophages
  3 wights (D:8)
  8 killer bees
  6 electric eels
  3 howler monkeys
  20 orc priests
  24 orc wizards
  17 gnolls
  7 adders
  A shadow imp (D:7)
  3 white imps
  3 worms
  A dart slug (D:5)
  83 orcs
  2 endoplasms
  4 giant cockroaches
  14 goblins
  7 hobgoblins
  5 jackals
  8 kobolds
  5 quokkas
  5 ball pythons
  5 bats
  3 frilled lizards (D:1)
  5 rats
981 creatures vanquished.

Vanquished Creatures (others)
  A deep elf pyromancer (Elf:2)
  A water elemental (Elf:3)
  An orc (D:8)
  48 fungi
  109 plants
160 creatures vanquished.

Grand Total: 1141 creatures vanquished

Notes
Turn   | Place    | Note
-------+----------+-------------------------------------------
     0 | D:1      | Godmorgon the Djinni Ice Elementalist began the quest for
                  | the Orb.
     0 | D:1      | Godmorgon set off with the following spells memorised:
                  | Freeze, Frozen Ramparts, Ozocubu's Armour, Hailstorm.
     0 | D:1      | Reached XP level 1. HP: 15/15 MP: 0/0
   421 | D:1      | Found a faded altar of an unknown god.
   427 | D:1      | Reached XP level 2. HP: 21/22 MP: 0/0
   973 | D:2      | Reached skill level 1 in Fighting
   973 | D:2      | Reached XP level 3. HP: 23/27 MP: 0/0
   973 | D:2      | Learned a level 1 spell: Sandblast
  1101 | D:2      | Found an ornate altar of the Wu Jian Council.
  1700 | D:3      | Reached skill level 1 in Long Blades
  1700 | D:3      | Reached XP level 4. HP: 32/32 MP: 0/0
  1821 | D:3      | Found a sparkling altar of Nemelex Xobeh.
  1824 | D:3      | Found a glowing golden altar of the Shining One.
  1828 | D:3      | Found a sacrificial altar of Ru.
  1968 | D:3      | Found a hazy altar of Hepliaklqana.
  2038 | D:3      | Reached XP level 5. HP: 31/38 MP: 0/0
  2038 | D:3      | Learned a level 2 spell: Passwall
  2310 | D:4      | Found a staircase to the Ecumenical Temple.
  2316 | Temple   | Entered the Ecumenical Temple
  2316 | Temple   | Found a transporter.
  2316 | Temple   | Found a transporter.
  2318 | Temple   | Found a transporter.
  2318 | Temple   | Found a transporter.
  2354 | Temple   | Became a worshipper of Makhleb the Destroyer
  2476 | D:4      | Reached XP level 6. HP: 41/43 MP: 0/0
  3028 | D:5      | Entered Level 5 of the Dungeon
  3061 | D:5      | Noticed an ogre
  3066 | D:5      | Killed an ogre
  3239 | D:5      | Noticed a water moccasin
  3244 | D:5      | Killed a water moccasin
  3245 | D:5      | Reached XP level 7. HP: 48/49 MP: 0/0
  3245 | D:5      | Learned a level 2 spell: Searing Ray
  3693 | D:5      | Reached skill level 5 in Spellcasting
  3742 | D:5      | Reached * piety under Makhleb
  4015 | D:6      | Reached skill level 1 in Invocations
  4015 | D:6      | Reached XP level 8. HP: 51/56 MP: 0/0
  4086 | D:6      | Noticed a yak
  4110 | D:6      | Killed a yak
  4128 | D:6      | Noticed a yak
  4132 | D:6      | Killed a yak
  4181 | D:6      | Noticed Menkaure
  4191 | D:6      | Killed Menkaure
  4192 | D:6      | Reached skill level 5 in Long Blades
  4316 | D:6      | Noticed a yak
  4318 | D:6      | Noticed a yak
  4321 | D:6      | Noticed a yak
  4332 | D:6      | Killed a yak
  4333 | D:6      | Reached XP level 9. HP: 47/63 MP: 0/0
  4333 | D:6      | Learned a level 4 spell: Flame Wave
  4699 | D:6      | Reached skill level 5 in Fighting
  5117 | D:7      | Reached skill level 5 in Invocations
  5201 | D:7      | Reached ** piety under Makhleb
  5404 | D:7      | Found an iron altar of Okawaru.
  5962 | D:8      | Found a flagged portal.
  5970 | Bailey   | Entered a bailey
  5999 | Bailey   | Reached XP level 10. HP: 70/70 MP: 0/0
  6059 | Bailey   | Noticed an orc sorcerer
  6110 | Bailey   | Reached skill level 1 in Armour
  6453 | Bailey   | Reached *** piety under Makhleb
  6466 | Bailey   | Acquired the ring of Evaugeil {rF+ Int+6 Dex-4 Slay+4}
  6537 | Bailey   | Found an iron altar of Okawaru.
  6539 | Bailey   | Noticed a kobold demonologist
  6549 | Bailey   | Killed a kobold demonologist
  6562 | Bailey   | Killed an orc sorcerer
  7047 | D:8      | Found a transporter.
  7174 | D:8      | Noticed a moth of wrath
  7182 | D:8      | Found a transporter.
  7186 | D:8      | Found a bloodstained altar of Trog.
  7186 | D:8      | Noticed groovy9's ghost (novice MiFi)
  7280 | D:8      | Found a hide-covered altar of Uskayaw.
  7475 | D:8      | Reached XP level 11. HP: 75/78 MP: 0/0
  7475 | D:8      | Learned a level 5 spell: Blade Hands
  7783 | D:9      | Found the +1 cloak of Starlight {*Dazzle EV+4 Stlth--}
  8445 | D:9      | Noticed a deep elf pyromancer
  8449 | D:9      | Noticed a boulder beetle
  8459 | D:9      | Killed a deep elf pyromancer
  8460 | D:9      | Reached skill level 5 in Dodging
  8465 | D:9      | Killed a boulder beetle
  8771 | D:9      | Reached **** piety under Makhleb
  8870 | D:10     | Entered Level 10 of the Dungeon
  8995 | D:10     | Found a staircase to the Orcish Mines.
  9231 | D:10     | Noticed a two-headed ogre
  9245 | D:10     | Killed a two-headed ogre
  9246 | D:10     | Reached XP level 12. HP: 88/88 MP: 0/0
  9686 | D:11     | Noticed a boulder beetle
  9714 | D:11     | Killed a boulder beetle
  9715 | D:11     | Reached skill level 5 in Armour
  9867 | D:11     | Noticed a boulder beetle
  9877 | D:11     | Killed a boulder beetle
 10565 | D:11     | Found a staircase to the Lair.
 10844 | Lair:1   | Entered Level 1 of the Lair of Beasts
 11344 | Lair:1   | Found the +4 robe of Augmentation {Str+4 Int+4 Dex+4}
 11429 | Lair:1   | Reached ***** piety under Makhleb
 11672 | Lair:2   | Noticed a five-headed hydra
 11678 | Lair:2   | Killed a five-headed hydra
 11739 | Lair:2   | Noticed a catoblepas
 11742 | Lair:2   | Reached skill level 10 in Fighting
 11747 | Lair:2   | Reached XP level 13. HP: 96/96 MP: 0/0
 11747 | Lair:2   | Learned a level 5 spell: Irradiate
 11782 | Lair:2   | Killed a catoblepas
 11910 | Lair:2   | Found a staircase to the Snake Pit.
 12040 | Lair:2   | Noticed a six-headed hydra
 12056 | Lair:2   | Killed a six-headed hydra
 12471 | Lair:3   | Reached skill level 10 in Invocations
 12507 | Lair:3   | Noticed Snorg
 12516 | Lair:3   | Killed Snorg
 12945 | Lair:3   | Found a basalt altar of Yredelemnul.
 12978 | Lair:3   | Reached skill level 1 in Shields
 13083 | Lair:3   | Found a staircase to the Shoals.
 13723 | Lair:4   | Reached XP level 14. HP: 105/105 MP: 0/0
 14022 | Lair:4   | Found a viscous altar of Jiyva.
 14022 | Lair:4   | Found a staircase to the Slime Pits.
 14453 | Lair:5   | Entered Level 5 of the Lair of Beasts
 14654 | Lair:5   | Reached ****** piety under Makhleb
 14970 | Lair:5   | Reached skill level 5 in Shields
 15398 | Lair:5   | Reached XP level 15. HP: 109/113 MP: 0/0
 15398 | Lair:5   | Learned a level 6 spell: Iron Shot
 15638 | Lair:5   | Found a corrupted altar of Lugonu.
 15639 | Lair:5   | Found a one-way gate to the infinite horrors of the Abyss.
 16331 | D:12     | You are sucked into a shaft and drop 2 floors!
 16338 | D:14     | Noticed Agnes
 16345 | D:14     | Killed Agnes
 17432 | D:13     | Reached skill level 10 in Spellcasting
 17829 | D:14     | Found a gate to the Vaults.
 18686 | D:15     | Entered Level 15 of the Dungeon
 19019 | D:15     | Identified the +2 cloak of Sorcery {SInv}
 19056 | D:15     | Found a staircase to the Depths.
 19056 | D:15     | Noticed a stone giant
 19069 | D:15     | Killed a stone giant
 19834 | D:8      | Reached skill level 10 in Long Blades
 19836 | D:8      | Killed groovy9's ghost
 20211 | Orc:1    | Entered Level 1 of the Orcish Mines
 20211 | Orc:1    | Noticed Josephine
 20218 | Orc:1    | Killed Josephine
 20722 | Orc:1    | Found Nisiet's Magic Scroll Boutique.
 20731 | Orc:1    | Bought a scroll of enchant armour for 127 gold pieces
 20731 | Orc:1    | Bought a scroll of enchant weapon for 127 gold pieces
 20731 | Orc:1    | Bought a scroll of poison for 68 gold pieces
 20731 | Orc:1    | Bought a scroll of identify for 34 gold pieces
 20731 | Orc:1    | Bought a scroll of identify for 34 gold pieces
 20731 | Orc:1    | Bought a scroll of identify for 34 gold pieces
 20871 | Orc:2    | Entered Level 2 of the Orcish Mines
 20965 | Orc:2    | Found a staircase to the Elven Halls.
 20965 | Orc:2    | Found Genwirchi's Antique Weapon Shoppe.
 20965 | Orc:2    | Found Faxzoace's General Store.
 20979 | Orc:2    | Bought a scroll of identify for 30 gold pieces
 21106 | Orc:2    | Reached XP level 16. HP: 105/122 MP: 0/0
 21479 | Orc:2    | Found Byrar's Assorted Antiques.
 21487 | Orc:2    | Bought a scroll of identify for 56 gold pieces
 21639 | Orc:2    | Found Pyskebuc's Jewellery Shop.
 21697 | Orc:2    | Found Yduenary's Jewellery Shoppe.
 21697 | Orc:2    | Found Wyumevec's Weapon Boutique.
 21699 | Orc:2    | Found Egass's Book Shop.
 21701 | Orc:2    | Found Vuhept's Weapon Emporium.
 21873 | Orc:2    | Found Utitum's Antique Weapon Shoppe.
 21948 | Orc:2    | Bought the +9 falchion "Reurixymo" {speed, Drain Will+
                  | Str+6} for 1104 gold pieces
 21977 | Orc:2    | Bought 2 potions of heal wounds for 280 gold pieces
 21977 | Orc:2    | Bought a potion of heal wounds for 140 gold pieces
 22194 | Snake:1  | Entered Level 1 of the Snake Pit
 22238 | Snake:1  | Found Efficse's Assorted Antiques.
 22238 | Snake:1  | Found Duug's Jewellery Shop.
 22239 | Snake:1  | Found Cymak's Antique Armour Shop.
 22241 | Snake:1  | Found Hablee's Antique Weapon Boutique.
 22882 | Snake:1  | Found Wosito's Antique Armour Shop.
 24317 | Snake:2  | Found Fefitz's Jewellery Emporium.
 24319 | Snake:2  | Found Gugetunu's Book Shop.
 24320 | Snake:2  | Found Zeddonwe's Jewellery Emporium.
 24381 | Snake:2  | Found a runed translucent gate.
 24382 | Snake:2  | Found a runed translucent gate.
 24382 | Snake:2  | Found an opulent altar of Gozag.
 24383 | Snake:2  | Found a runed translucent gate.
 24385 | Snake:2  | Found Zalut's Assorted Antiques.
 24385 | Snake:2  | Noticed Cheops's ghost (journeyman GrFi)
 25109 | Snake:2  | Found Zalut's Assorted Antiques.
 25500 | Snake:2  | Found Fefitz's Jewellery Emporium.
 25503 | Snake:2  | Found Gugetunu's Book Shop.
 25504 | Snake:2  | Found Zeddonwe's Jewellery Emporium.
 25898 | Snake:2  | Killed Cheops's ghost
 26001 | Snake:1  | Bought a runed kite shield for 292 gold pieces
 26126 | Snake:3  | Noticed Vashnia
 26290 | Snake:3  | Reached skill level 10 in Armour
 26302 | Snake:3  | Noticed a nagaraja
 26314 | Snake:3  | Killed a nagaraja
 26368 | Snake:3  | Identified the +8 trident of Guicsoxuopn {pain, *Rage rElec
                  | rF++ rC+}
 26450 | Snake:3  | Reached XP level 17. HP: 130/130 MP: 0/0
 26450 | Snake:3  | Learned a level 6 spell: Dispersal
 26604 | Snake:3  | Identified the +7 long sword of the Other Side {vamp, rElec
                  | Dex+6 Stlth-}
 27047 | Snake:3  | Noticed Nikola
 27065 | Snake:3  | Killed Nikola
 27149 | Snake:3  | Noticed Aizul
 27168 | Snake:3  | Killed Aizul
 27493 | Snake:3  | Killed Vashnia
 27533 | Snake:4  | Entered Level 4 of the Snake Pit
 27817 | Snake:4  | Reached skill level 15 in Fighting
 28711 | Snake:4  | Noticed Mara
 28770 | Snake:4  | Noticed Godmorgon's illusion
 28900 | Snake:4  | Noticed Godmorgon's illusion
 29037 | Snake:4  | Noticed Godmorgon's illusion
 29046 | Snake:4  | Killed Mara
 29047 | Snake:4  | Reached XP level 18. HP: 63/138 MP: 0/0
 29701 | Snake:4  | Reached skill level 10 in Shields
 29719 | Snake:4  | Reached skill level 15 in Invocations
 29888 | Snake:4  | Got a serpentine rune of Zot
 30418 | Elf:1    | Entered Level 1 of the Elven Halls
 31409 | Elf:1    | Reached XP level 19. HP: 111/145 MP: 0/0
 31409 | Elf:1    | Learned a level 7 spell: Haunt
 32361 | Elf:2    | Found a runed translucent gate.
 32363 | Elf:2    | Found a runed translucent gate.
 32367 | Elf:2    | Found a runed translucent gate.
 33247 | Elf:2    | Noticed a deep elf blademaster
 33256 | Elf:2    | Killed a deep elf blademaster
 33569 | Elf:2    | HP: 2/145 [+2 broad axe of freezing (7)]
 34595 | Elf:2    | Paralysed by an air elemental for 1 turns
 34603 | Elf:2    | Paralysed by an air elemental for 1 turns
 35122 | Elf:2    | Identified the +1 ring mail of Vunnaobi {Str+5}
 35207 | Elf:3    | Entered Level 3 of the Elven Halls
 37036 | Elf:3    | Noticed a deep elf blademaster
 37044 | Elf:3    | Killed a deep elf blademaster
 37045 | Elf:3    | Identified the +6 short sword of Jyamy {venom, rC- Int+5}
 37045 | Elf:3    | Identified the +5 robe "Imeojid" {Harm rF- Str+3 Dex+5}
 37045 | Elf:3    | Identified the amulet "Cijirph" {rElec Regen+ Str+3 Dex+6}
 37057 | Elf:3    | Reached XP level 20. HP: 102/153 MP: 0/0
 37116 | Elf:3    | Noticed an Ice Fiend
 37326 | Elf:3    | Killed from afar by a deep elf annihilator

Illustrated notes

Levels and vault maps discovered:
D:1:      dreamdust_arrival_sigmund_warning, layout_loops_cross,
          hellmonk_ecumenical_altar_blasted, minmay_ruptured
D:2:      layout_loops_ring, basic_altar
D:3:      layout_basic, grunt_temple_overflow_diamond,
          overflow_temple_1_default, hangedman_glass_teeth
D:4:      layout_loops_cross, minmay_temple_entry_nine_rooms
D:5:      layout_basic
D:6:      layout_basic, serial_bayou_lagoon_a, minmay_small_thing, uniq_menkaure
D:7:      layout_loops_cross, mainiacjoe_overflow_paths
D:8:      layout_layer_cave, lemuel_doored_altar, mainiacjoe_overflow_alcove_4,
          enter_bailey_2, gammafunk_ghost_wrathful_warriors,
          dreamdust_mushroom_princess, eino_curves_02, grunt_decor_cap
D:9:      minmay_tri_box, layout_stronghold
D:10:     layout_rooms, david_orc_3, kennysheep_pointless_box, item_on_display_a
D:11:     layout_irregular_city, dpeg_oklobed_lair, kennysheep_generic_room_10
D:12:     layout_irregular_city, nicolae_lava_and_water,
          chequers_serial_rivers_small_a
D:13:     layout_irregular_city
D:14:     layout_basic, david_vaults_1, nicolae_wwwww, uniq_agnes
D:15:     grunt_enter_depths_giant_problem, layout_loops_corners,
          serial_bayou_shore_b
Temple:   hellmonk_temple_divided_pantheon
Lair:1:   layout_regular_city
Lair:2:   layout_concentric_octagons, dummy_snake_entry,
          chequers_serial_rivers_large_a
Lair:3:   layout_cave_pods, minmay_shoals_entry_hut, lemuel_oklob_altar,
          serial_bayou_shore_b, uniq_snorg
Lair:4:   layout_hall_layers, slime_entry_1, lemuel_fruit_tree
Lair:5:   hellmonk_lair_end_abyssal_woods, layout_loops_ring
Snake:1:  layout_gridlike, serial_shops, nicolae_shop_overgrown_old_shop,
          minmay_shoptagon, serial_bayou_shore_a
Snake:2:  layout_chambers, ebering_ghost_gozag, serial_bayou_shore_b,
          minmay_shop_grove
Snake:3:  kennysheep_six_static_rooms, layout_rooms,
          nicolae_coiled_stairwell_down, uniq_aizul, uniq_vashnia, uniq_nikola
Snake:4:  grunt_snake_rune_spirals, layout_onion_interference,
          grunt_ministairs_6, nrook_guardian_serpent_double, uniq_mara
Orc:1:    nicolae_orc_accident_2, layout_caves, serial_shops,
          nicolae_lakefront_shop, uniq_josephine
Orc:2:    st_orc_rangers, layout_caves, serial_shops, shop_fountains, shop,
          shop, shop, shop
Elf:1:    layout_geoelf_octagon, hangedman_elven_crosses_minicolossus,
          grunt_ministairs_11
Elf:2:    nicolae_elf_blades_splatter_lattice
          [nicolae_vaults_blade_armed_guards], layout_geoelf_grid, st_stairs_11
Elf:3:    elf_hall, layout_geoelf_castle, nicolae_elf_archery_training

Skill      XL: |  1  2  3  4  5  6  7  8  9 10 11 12 13 14 15 16 17 18 19 |
---------------+----------------------------------------------------------+-----
Fighting       | 1 2 3 4 5 6 8 10 11 12 13 14 15 16 | 16.6
Long Blades    | 1 2 3 4 5 6 7 8 9 10 11 12 13 | 13.1
Spellcasting   | 4 5 7 8 9 10 11 12 13 | 13.6
Invocations    | 1 3 5 7 8 9 10 11 13 14 15 16 | 16.2
Armour         | 3 4 6 7 8 9 10 | 10.0
Dodging        | 4 5 |  5.0
Shields        | 2 5 6 9 10 | 10.0
Stealth        | |  1.5

Action                   |  1- 3 |  4- 6 |  7- 9 | 10-12 | 13-15 | 16-18 | 19-21 || total
-------------------------+-------+-------+-------+-------+-------+-------+-------++-------
Melee: Long sword        |       |       |     1 |     2 |       |   432 |    29 ||   464
       Scimitar          |       |       |       |    65 |   245 |    40 |       ||   350
       Punch             |       |       |       |     1 |     1 |       |       ||     2
       Staff             |       |       |       |    25 |     4 |     2 |     9 ||    40
       Falchion          |       |       |       |       |       |   160 |       ||   160
       Unarmed           |       |       |       |       |       |       |     9 ||     9
Throw: Dart              |       |     2 |     7 |     4 |     2 |     8 |       ||    23
       Boomerang         |       |       |       |       |    38 |    10 |       ||    48
 Cast: Freeze            |    20 |       |       |       |       |       |       ||    20
       Sandblast         |    26 |    48 |   111 |    96 |       |       |       ||   281
       Passwall          |       |     6 |       |     2 |     2 |     1 |       ||    11
       Frozen Ramparts   |       |     2 |    16 |    51 |    92 |   125 |    22 ||   308
       Ozocubu's Armour  |       |       |     3 |    21 |    56 |   105 |    28 ||   213
       Flame Wave        |       |       |     7 |    29 |   102 |    67 |    36 ||   241
       Searing Ray       |       |       |       |    52 |    74 |   111 |    10 ||   247
       Irradiate         |       |       |       |       |     1 |     4 |       ||     5
       Hailstorm         |       |       |       |       |       |    20 |       ||    20
       Iron Shot         |       |       |       |       |       |       |    97 ||    97
       Blade Hands       |       |       |       |       |       |       |     1 ||     1
Invok: Lesser Servant of |       |       |       |     1 |       |     3 |       ||     4
Evoke: Wand              |       |       |       |    13 |       |     3 |       ||    16
  Use: Scroll            |       |     1 |    10 |     6 |    13 |     8 |     5 ||    43
       Potion            |       |       |       |       |       |     5 |     2 ||     7
 Stab: Invisible         |       |       |       |     2 |    12 |    17 |       ||    31
       Sleeping          |       |       |       |       |     1 |       |       ||     1
       Distracted        |       |       |       |       |       |     1 |       ||     1
Armor: Robe              |     1 |     4 |    11 |     7 |   225 |   305 |    51 ||   604
       Steam dragon scal |       |       |       |    10 |       |       |       ||    10
       Leather armour    |       |       |       |     7 |       |       |       ||     7
       Troll leather arm |       |       |       |    29 |       |       |       ||    29
Dodge: Dodged            |    11 |    15 |    34 |   130 |   379 |   500 |    98 ||  1167
Block: Buckler           |       |       |       |       |   108 |    70 |       ||   178
       Kite shield       |       |       |       |       |       |   405 |    96 ||   501
